 Dungeon Crawl Stone Soup version 0.30-a0-711-gf4ac18a38d (webtiles) character file.

Game seed: 9194212757483130071

219 nucleargodhead the Trooper (level 5, -2/75 HPs)
             Began as a Minotaur Berserker on Jan 22, 2023.
             Was a Believer of Trog.
             Slain by a gnoll
             ... wielding a +0 spear
             ... led by a gnoll bouda
              (4 damage)
             ... on level 4 of the Dungeon.
             The game lasted 00:02:57 (2575 turns).

nucleargodhead the Trooper (Minotaur Berserker)     Turns: 2575, Time: 00:02:58

Health: -2/75      AC:  8    Str: 21    XL:     5   Next: 63%
Magic:  4/4        EV:  8    Int:  4    God:    Trog [**....]
Gold:   196        SH:  0    Dex: 12    Spells: 4/4 levels left

rFire   . . .      SeeInvis .    a - +0 falchion
rCold   . . .      Faith    .    (no shield)
rNeg    . . .      Spirit   .    i - +0 chain mail
rPois   .          Reflect  .    (helmet restricted)
rElec   .          Harm     .    (no cloak)
rCorr   .          Rampage  .    (no gloves)
Will    .....                    (no boots) Stlth
                                 (no amulet)
HPRegen 0.32/turn                (no ring)
MPRegen 0.09/turn                (no ring)

@: berserking (expiring), weakened, very quick
A: horns 2, retaliatory headbutt
a: Renounce Religion, Berserk, Trog's Hand


You were on level 4 of the Dungeon.
You worshipped Trog.
Trog was pleased with you.
You visited 1 branch of the dungeon, and saw 4 of its levels.

You collected 224 gold pieces.
You spent 28 gold pieces at shops.

Inventory:

Hand Weapons
 a - a +0 falchion (weapon)
Armour
 i - a +0 chain mail (worn)
Wands
 n - a wand of acid (5)
Scrolls
 b - a scroll of blinking {unknown}
 c - 2 scrolls of poison
 e - a scroll of noise {unknown}
 f - a scroll of brand weapon
 h - a scroll of fog
 k - a scroll of identify
 o - a scroll of enchant armour {unknown}
Potions
 d - 2 potions of mutation {unknown}
 g - 2 potions of curing {unknown}
 j - a potion of attraction {unknown}
 l - 2 potions of flight {unknown}
 m - 2 potions of heal wounds {unknown}


   Skills:
 + Level 6.0 Fighting
 + Level 6.0 Long Blades
 - Level 2.4 Armour
 - Level 2.1 Dodging


You had 4 spell levels left.
You didn't know any spells.
Your spell library was empty.

Dungeon Overview and Level Annotations

Branches:
Dungeon (4/15)
 Temple: D:4-7

Altars:

Shops:
D:1 ?


Innate Abilities, Weirdness & Mutations

You have a pair of horns on your head.
You reflexively headbutt those who attack you in melee.


Message History

You kill the gnoll!
Trog accepts your kill. The gnoll barely misses you.
The gnoll closely misses you. You furiously retaliate!
You headbutt the gnoll! The gnoll hits you but does no damage.
A goblin comes into view. It is wielding a +0 club.
The gnoll bouda hits you with a +0 whip.
* * * LOW HITPOINT WARNING * * *
Items here: )) ††.
You barely miss the gnoll bouda.
The gnoll bouda is severely wounded.
The gnoll hits you from afar with a +0 spear.
* * * LOW HITPOINT WARNING * * *
The gnoll bouda gazes fiercely through you!
You feel as though you will be weak longer.
The gnoll bouda barely misses you. You furiously retaliate!
You headbutt the gnoll bouda!
You kill the gnoll bouda!
Trog accepts your kill. The gnoll hits you with a +0 whip.
* * * LOW HITPOINT WARNING * * *
Your Fighting skill increases to level 6!
The gnoll completely misses you. The gnoll hits you with a +0 spear!
* * * LOW HITPOINT WARNING * * *
Things that are here:
a +0 whip; a +0 robe You slash the gnoll!
You kill the gnoll!
Trog accepts your kill.
The gnoll is no longer moving quickly.
The goblin unwields a +0 club.
The goblin wields a +0 sling.
The goblin shoots a sling bullet.
The sling bullet barely misses you. The gnoll hits you with a +0 whip.
* * * LOW HITPOINT WARNING * * *
Your Long Blades skill increases to level 6!
The gnoll hits you but does no damage. The gnoll barely misses you.
Things that are here:
a +0 flail; 2 throwing nets; a gnoll corpse You feel a strong urge to attack something.
The gnoll hits you with a +0 spear.
You die...

# ### ###.##########.#
.......))......########
...g..g)g..............
.......@....##.........
##..####$#####.########
#. #.#####.######## #
................
##....##.#########
.)...............
####...........#
#####.......# +.......#


You could see 2 gnolls and a goblin.

Vanquished Creatures
  A hound (D:4)
  A gnoll bouda (D:4)
  3 gnolls (D:4)
  6 adders
  2 worms
  4 dart slugs
  An orc (D:3)
  3 ball pythons
  5 endoplasms
  A giant cockroach (D:1)
  10 goblins
  6 hobgoblins
  5 quokkas
  3 bats
  2 frilled lizards (D:2)
  5 kobolds
  6 rats
64 creatures vanquished.

Notes
Turn   | Place    | Note
-------+----------+-------------------------------------------
     0 | D:1      | nucleargodhead the Minotaur Berserker began the quest for
                  | the Orb.
     0 | D:1      | Reached XP level 1. HP: 19/19 MP: 0/0
   217 | D:1      | Reached XP level 2. HP: 23/27 MP: 1/1
   490 | D:1      | Found Kitrulat's Magic Scroll Shop.
   503 | D:1      | Bought a scroll of identify for 28 gold pieces
   757 | D:2      | Reached ** piety under Trog
   771 | D:2      | Reached XP level 3. HP: 31/34 MP: 2/2
  1018 | D:2      | Found a faded altar of an unknown god.
  1626 | D:3      | Reached skill level 5 in Fighting
  1626 | D:3      | Reached XP level 4. HP: 38/42 MP: 3/3
  1681 | D:3      | Reached skill level 5 in Long Blades
  2488 | D:4      | Reached XP level 5. HP: 44/50 MP: 4/4
  2573 | D:4      | HP: 1/75 [gnoll/+0 whip[a gnoll bouda] (4)]
  2575 | D:4      | Slain by a gnoll

Illustrated notes

Levels and vault maps discovered:
D:1:      dpeg_arrival_round_b, layout_loops_cross, serial_shops, shop
D:2:      layout_loops_corners, chequers_ecumenical_altar_grove
D:3:      layout_basic, minmay_starry_boxes
D:4:      layout_basic, lemuel_round_altar, mainiacjoe_overflow_surrounded_room,
          overflow_temple_1_default

Skill      XL: |  1  2  3  4  5 |
---------------+----------------+-----
Fighting       | 4 5 6 |  6.0
Long Blades    | 4 5 6 |  6.0
Armour         | |  2.4
Dodging        | |  2.1

Action                     |  1- 3 |  4- 6 || total
---------------------------+-------+-------++-------
  Melee: Falchion          |    79 |    66 ||   145
         Headbutt          |    13 |     9 ||    22
 Invoke: Berserk           |     1 |     1 ||     2
    Use: Scroll            |     3 |       ||     3
   Stab: Sleeping          |     2 |       ||     2
 Armour: Animal skin       |     6 |       ||     6
         Chain mail        |     4 |    36 ||    40
  Dodge: Dodged            |    41 |    42 ||    83

Table legend: (Time is in decaauts)
 A = Elapsed time spent in this place.
 B = Non-inter-level travel time spent in this place.
 C = Inter-level travel time spent in this place.
 D = Time resting spent in this place.
 E = Time spent auto-exploring this place.
 F = Levels seen in this place.
 G = Mean time per level.
                   A        B        C        D        E       F      G
               +--------+--------+--------+--------+--------+-----+--------+
         Total |   2589 |   2538 |     51 |      0 |   2136 |   4 |  647.2 |
       Dungeon |   2589 |   2538 |     51 |      0 |   2136 |   4 |  647.2 |
               +--------+--------+--------+--------+--------+-----+--------+

Top non-repeatable levels by time:
     D:2: 962 daAuts
     D:3: 786 daAuts
     D:1: 646 daAuts
     D:4: 195 daAuts
